Selects Airborne Battlegroup
Selects Smoke Bombing Run
Construct Weapon Support Center
Mechanized Support Center
M3 Armored Personnel Carrier
Selects Paratrooper Squad Paradrop
Paratrooper Squad Paradrop
Paratrooper Squad Paradrop
Construct Medical Station
Designate Forward Repair Station
Selects Anti-tank Gun Team Paradrop
Anti-tank Gun Team Paradrop
Selects Carpet Bombing Run
Anti-tank Gun Team Paradrop
Anti-tank Gun Team Paradrop